 Dungeon Crawl Stone Soup version 0.23.2 (webtiles) character file.

Game seed: 7086363902901032236

36 Borgoz the Cutter (level 3, 30/30 HPs)
             Began as a Ghoul Gladiator on Apr 3, 2019.
             Quit the game on level 4 of the Dungeon.
             The game lasted 00:01:44 (752 turns).

Borgoz the Cutter (Ghoul Gladiator)                  Turns: 752, Time: 00:01:44

Health: 30/30      AC:  6    Str: 17    XL:     3   Next: 37%
Magic:  2/2        EV: 12    Int:  3    God:
Gold:   108        SH:  0    Dex: 11    Spells: 2/2 levels left

rFire    . . .     SeeInvis .   a - +0 rapier
rCold    + . .     Gourm    .   (no shield)
rNeg     + + +     Faith    .   b - +0 leather armour
rPois    ∞         Spirit   .   c - +1 helmet
rElec    .         Reflect  .   (no cloak)
rCorr    .         Harm     .   j - +0 pair of gloves
MR       .....                  (no boots)
Stlth    +.........             (no amulet)
HPRegen  0.10/turn              (no ring)
MPRegen  0.08/turn              (no ring)

@: rotting
A: rotting body, claws 1, carnivore, cold resistance 1, negative energy
resistance 3, inhibited regeneration, torment resistance, unbreathing
a: no special abilities


You were on level 4 of the Dungeon.
You were not hungry.

You visited 1 branch of the dungeon, and saw 4 of its levels.

You collected 108 gold pieces.

Inventory:

Hand Weapons
 a - a +0 rapier (weapon)
Missiles
 d - 3 throwing nets (quivered)
 e - 2 tomahawks
Armour
 b - a +0 leather armour (worn)
 c - a +1 helmet (worn)
 j - a +0 pair of gloves (worn)
Scrolls
 i - a scroll of enchant armour
Potions
 k - a potion of lignification {unknown}
 l - a potion of cancellation {unknown}
 n - a potion of curing {unknown}
Comestibles
 f - 3 rations
 g - 5 chunks of flesh


   Skills:
 + Level 2.4 Fighting
 * Level 3.1 Short Blades
 - Level 1.7 Throwing
 * Level 1.1 Armour
 * Level 3.0 Dodging
 + Level 0.7 Stealth


You had 2 spell levels left.
You didn't know any spells.
Your spell library was empty.

Dungeon Overview and Level Annotations

Branches:
Dungeon (4/15)
 Temple: D:4-7

Altars:


Innate Abilities, Weirdness & Mutations

Your body is rotting away.
You thrive on raw meat.
You are immune to poison.
You have sharp fingernails.
You are carnivorous and can eat meat at any time.
Your flesh is cold resistant. (rC+)
You are immune to negative energy. (rN+++)
You do not regenerate when monsters are visible.
You are immune to unholy pain and torment.
You can survive without breathing.


Message History

As you read the scroll labeled HYDEXA DEPTAF, it crumbles to dust.
It is a scroll of amnesia.
You feel forgetful for a moment.
As you read the scroll labeled KOTTAFAMNO, it crumbles to dust.
You feel blessed for a moment.
It was a scroll of remove curse.
Found a stone staircase leading down.
Found 10 gold pieces.
You hear the slow hiss of a very distant avalanche of sand.
Found a silvery potion.
Found 9 gold pieces.
A quokka comes into view.
The quokka barely misses you. The quokka closely misses you.
You puncture the quokka!
You kill the quokka!
You see here a quokka corpse.
You see here a quokka corpse.
You butcher the quokka corpse.
g - 5 chunks of flesh (gained 2)
You see here a quokka skeleton.
Are you sure you want to abandon this character and quit the game? (Confirm with "yes".)

#..............
##.............
#..............
##..............
##...............
###................
#..................
##...........$.....
#....!...@.........
#..................
#...........#..#...
#.........####..##.
##.......## #..#
##.....## #.. #.
#####.# #...##..
##.## #......
#...## #....#


There were no monsters in sight!

Vanquished Creatures
  3 dart slugs (D:1)
  A ball python (D:2)
  A giant cockroach (D:1)
  A goblin (D:1)
  2 hobgoblins (D:1)
  A jackal (D:1)
  7 kobolds
  A quokka (D:4)
  5 bats (D:1)
  4 frilled lizards (D:1)
  4 rats
30 creatures vanquished.

Vanquished Creatures (others)
  A jackal (D:1)
1 creature vanquished.

Grand Total: 31 creatures vanquished

Notes
Turn   | Place    | Note
-------+----------+-------------------------------------------
     0 | D:1      | Borgoz the Ghoul Gladiator began the quest for the Orb.
     0 | D:1      | Reached XP level 1. HP: 17/17 MP: 0/0
   264 | D:1      | Reached XP level 2. HP: 24/24 MP: 1/1
   390 | D:1      | Reached skill level 1 in Armour
   412 | D:1      | Reached XP level 3. HP: 29/30 MP: 2/2
   682 | D:2      | You fall through a shaft for 2 floors!
   752 | D:4      | Quit the game

Skill      XL: |  1  2 |
---------------+-------+-----
Dodging        | 3 |  3.0
Armour         | 1 |  1.1
Short Blades   | 3 |  3.1
Fighting       | |  2.4
Throwing       | |  1.7
Stealth        | |  0.7

Action                   || total
-------------------------++-------
Melee: Rapier            ||    74
  Use: Scroll            ||     3
Armor: Leather armour    ||    27
Dodge: Dodged            ||    81
